Map: [ESL] Cosmic Sapphire

Players

ShaDoWn - Winner!

  • Race: Protoss Protoss
  • Spawn Location: 5:00

ForJumy

  • Race: Protoss Protoss
  • Spawn Location: 11:00

Event: DreamHack SC2 Masters 2022 Atlanta (Online)

VOD

Have the link to the VOD?

Description

Time

  • Played on: Sept. 28, 2022, 1:02 p.m.
  • Length: 7:14

All games in this series

Show
View Real Time Build Order
Export as new Build Order

ShaDoWn Protoss - Winner!

Build Orders:  

Get SALT Encoding   

  12  0:00  Probe  
  13  0:12  Probe  
  14  0:17  Pylon  
  14  0:24  Probe  
  15  0:35  Gateway  
  15  0:37  Probe (Chrono Boost)  
  16  0:46  Probe (Chrono Boost), Assimilator  
  17  0:51  Probe (Chrono Boost)  
  18  1:03  Probe (Chrono Boost)  
  19  1:04  Assimilator  
  19  1:11  Gateway  
  19  1:12  Probe (Chrono Boost)  
  19  1:17  Probe (Chrono Boost)  
  20  1:24  Cybernetics Core  
  21  1:29  Probe  
  22  1:41  Probe  
  22  1:42  Pylon  
  23  2:00  Warp Gate, Probe, Stalker x2  
  28  2:10  Pylon  
  28  2:13  Probe  
  29  2:30  Stalker x2  
  33  2:40  Robotics Facility  
  33  2:46  Probe  
  34  2:58  Probe  
  34  3:03  Sentry  
  35  3:12  Shield Battery  
  35  3:18  Gateway  
  34  3:20  Pylon  
  34  3:25  Immortal (Chrono Boost)  
  34  3:32  Pylon  
  38  3:36  Probe  
  39  3:53  Sentry  
  41  3:56  Warp Prism (Chrono Boost)  
  41  4:10  Stalker  
  43  4:25  Stalker  
  43  4:26  Immortal (Chrono Boost)  
  48  4:55  Gateway  
  48  5:02  Immortal  
  48  5:06  Pylon  
  52  5:19  Adept  
  54  5:23  Pylon  
  54  5:25  Adept  
  56  5:29  Twilight Council  
  56  5:35  Probe  
  56  5:44  Stargate  
  56  5:47  Probe  
  53  5:53  Stalker x3  
  52  6:16  Adept x2  
  52  6:17  Adept  
  56  6:36  Phoenix (Chrono Boost)  
  56  6:40  Zealot x2  
  58  6:52  Shield Battery  
  58  6:53  Shield Battery  
Show
View Real Time Build Order
Export as new Build Order

ForJumy Protoss 

Build Orders:  

Get SALT Encoding   

  12  0:00  Probe  
  13  0:12  Probe  
  14  0:16  Pylon  
  14  0:24  Probe  
  15  0:35  Gateway  
  15  0:36  Probe (Chrono Boost)  
  16  0:46  Probe (Chrono Boost), Assimilator  
  17  0:51  Probe (Chrono Boost)  
  17  0:54  Assimilator  
  18  1:03  Probe (Chrono Boost)  
  19  1:07  Gateway  
  20  1:12  Probe (Chrono Boost)  
  20  1:17  Probe (Chrono Boost)  
  20  1:23  Cybernetics Core  
  21  1:29  Probe  
  22  1:33  Pylon  
  22  1:41  Probe  
  24  1:59  Robotics Facility  
  23  2:02  Stalker  
  23  2:03  Stalker  
  23  2:08  Probe  
  28  2:12  Warp Gate  
  28  2:17  Pylon  
  28  2:33  Stalker  
  28  2:35  Stalker  
  36  2:57  Pylon  
  36  3:04  Immortal (Chrono Boost)  
  36  3:05  Pylon  
  36  3:18  Shield Battery  
  36  3:25  Gateway  
  36  3:34  Warp Prism (Chrono Boost)  
  37  3:51  Probe  
  38  4:01  Stalker x2  
  42  4:10  Pylon  
  42  4:14  Immortal (Chrono Boost)  
  46  4:30  Sentry  
  48  4:31  Stalker  
  48  4:36  Stalker  
  52  4:43  Pylon  
  52  4:54  Robotics Bay  
  52  4:55  Observer  
  49  5:17  Immortal (Chrono Boost)  
  53  5:26  Adept x2  
  57  5:38  Stalker  
  56  5:43  Pylon  
  52  5:55  Zealot x2  
  40  6:08  Stalker x2  
  45  6:15  Disruptor (Chrono Boost)  
  46  6:24  Adept  
  47  6:28  Probe  
  43  6:52  Adept  
Tags
 
Add a new tag
Caveats
  • Supply blocks, unpowered buildings, or Contaminate may cause inaccurate times.
  • Supply counts are checked every 10 seconds.